 Dungeon Crawl Stone Soup version 0.27.1 (webtiles) character file.

Game seed: 1949518569197961920

0 H0rd4k the Caller (level 1, -1/13 HPs)
             Began as a Barachi Summoner on Aug 27, 2021.
             Killed from afar by a dart slug (5 damage)
             ... with a slug dart
             ... on level 2 of the Dungeon.
             The game lasted 00:00:32 (125 turns).

H0rd4k the Caller (Barachi Summoner)                 Turns: 125, Time: 00:00:32

Health: -1/13      AC:  2    Str:  9    XL:     1   Next: 10%
Magic:  1/3        EV: 12    Int: 15    God:
Gold:   17         SH:  0    Dex: 12    Spells: 3/4 levels left

rFire    . . .     SeeInvis .   (no weapon)
rCold    . . .     Faith    .   (no shield)
rNeg     . . .     Spirit   .   a - +0 robe
rPois    .         Reflect  .   (no helmet)
rElec    .         Harm     .   (no cloak)
rCorr    .         Rampage  .   (no gloves)
Will     .....                  (no boots)
Stlth    ++........             (no amulet)
HPRegen  0.04/turn              (no ring)
MPRegen  0.08/turn              (no ring)

@: unable to hop, slow
A: amphibious, slowness 1, strong legs 1, +LOS
a: Hop


You were on level 2 of the Dungeon.
You visited 1 branch of the dungeon, and saw 2 of its levels.

You collected 17 gold pieces.

Inventory:

Armour
 a - a +0 robe (worn)
Potions
 b - a potion of curing {unknown}


   Skills:
 + Level 2.1 Dodging
 - Level 1.7 Stealth
 * Level 2.1 Spellcasting
 * Level 4.8 Summonings


You had 3 spell levels left.
You knew the following spells:

 Your Spells              Type           Power      Damage    Failure   Level
a - Summon Small Mammal   Summ           64%        N/A       3%          1

Your spell library contained the following spells:

 Spells                   Type           Power      Damage    Failure   Level
 Call Imp                 Summ           16%        N/A       4%          2
 Call Canine Familiar     Summ           16%        N/A       9%          3
 Summon Guardian Golem    Hex/Summ       8%         N/A       24%         3
 Summon Lightning Spire   Summ/Air       8%         N/A       63%         4


Dungeon Overview and Level Annotations

Branches:
Dungeon (2/15)

Altars:


Innate Abilities, Weirdness & Mutations

You are amphibious.
You cover ground slowly.
You can hop short distances.
You have an extended range of vision and can be seen from far away.


Message History

Your quokka closely misses the hobgoblin.
You barely miss the hobgoblin. The kobold barely misses your quokka.
The hobgoblin hits you but does no damage.
Your quokka barely misses the hobgoblin.
The kobold throws a stone.
The stone hits your quokka but does no damage.
Your quokka barely misses the hobgoblin.
The hobgoblin misses you. The kobold misses your quokka.
Your quokka bites the hobgoblin.
The hobgoblin hits you but does no damage.
You see here a pink potion.
b - a pink potion Something barely misses your quokka.
Your quokka bites the hobgoblin.
The kobold barely misses your quokka. The hobgoblin misses your quokka.
The hobgoblin hits something but does no damage.
You are too injured to fight recklessly!
Casting: Summon Small Mammal (safe; 3% risk of failure)
Confirm with . or Enter, or press ? or * to list all spells.
The hobgoblin barely misses something.
The hobgoblin hits something.
Your bat barely misses the hobgoblin.
The hobgoblin hits your bat but does no damage.
A gnoll comes into view. It is wielding a +0 club.
The gnoll shouts!
Found a helmet.
Hop to where?
Press: ? - help, Dir - move target Boing!
Your bat hits the hobgoblin but does no damage.
The hobgoblin hits your bat.
Your bat dies!
Your bat's corpse disappears in a puff of smoke!
There is an escape hatch in the floor here.
You slide downwards.
The hatch slams shut behind you.
Found 19 stones.
Found a stone staircase leading down and a stone staircase leading up.
A dart slug comes into view.
The dart slug launches a dart at you. The slug dart hits you.
You die...

##### #...# #...#
#.w.## #####
#....#......#
#..@.#......#
#...>#......#
#..S.........
###..........
#.......... +####
#.......... w.....
#..........
.......##..........
...................


You could see an adder and a dart slug.

Vanquished Creatures (collateral kills)
  A rat (D:1)
1 creature vanquished.

Notes
Turn   | Place    | Note
-------+----------+-------------------------------------------
     0 | D:1      | H0rd4k the Barachi Summoner began the quest for the Orb.
     0 | D:1      | Reached XP level 1. HP: 13/13 MP: 3/3
   125 | D:2      | Killed from afar by a dart slug

Illustrated notes

Levels and vault maps discovered:
D:1:      minmay_arrival_pointy, layout_basic, chequers_serial_rivers_micro_c
D:2:      layout_basic, basic_altar, serial_shops, nicolae_shop_stone,
          amcnicky_mini_rare_corridor_liquid

Action                   || total
-------------------------++-------
Melee: Unarmed           ||     8
 Cast: Summon Small Mamm ||     6
 Abil: Hop               ||     1
Armor: Robe              ||     7
Dodge: Dodged            ||     8
